 Dungeon Crawl Stone Soup version 0.20-a0-1126-g0f15420 (webtiles) character file.

11252 Manul the Covert (level 11, -4/57 HPs)
             Began as a Vine Stalker Assassin on May 16, 2017.
             Was a Believer of Ru.
             Slain by a blink frog (9 damage)
             ... on level 3 of the Lair of Beasts on May 17, 2017.
             The game lasted 00:22:41 (10240 turns).

Manul the Covert (Vine Stalker Assassin)           Turns: 10240, Time: 00:22:41

Health: -4/57      AC:  8    Str: 14    XL:     11   Next: 74%
Magic:  0/12       EV: 18    Int: 11    God:    Ru [**....]
Gold:   412        SH:  6    Dex: 19    Spells: 10/10 levels left

rFire    + . .     SeeInvis .   c - +4 scimitar (flame)
rCold    . . .     Gourm    .   P - +0 buckler
rNeg     . . .     Faith    .   F - +2 robe {rF+}
rPois    .         Spirit   +   z - +1 hat {MR+}
rElec    .         Reflect  .   d - +1 cloak
rCorr    .         Harm     .   (no gloves)
MR       ++...                  h - +0 pair of boots
Stlth    +++++.....             (no amulet)
Regen    0.6/turn               U - +2 ring of intelligence
MPRegen  0.2/turn               M - ring of flight

@: no scrolls
A: fangs 3, horns 1, blink, blurry vision 1, dopey 1, regeneration 1, screaming
1, wild magic 1, evolution 1, magic shield, antimagic bite, no potion heal 3,
rot immunity, inability to read while threatened, no poison magic, no
translocations magic, no transmutations magic
a: Blink, Renounce Religion, Evoke Flight


You were on level 3 of the Lair of Beasts.
You worshipped Ru.
Ru was pleased with you.
You were not hungry.

You visited 3 branches of the dungeon, and saw 14 of its levels.

You collected 412 gold pieces.

Inventory:

Hand Weapons
 b - a +0 blowgun
 c - a +4 scimitar of flaming (weapon)
 k - a +2 hunting sling of freezing
 E - a +3 dagger of venom
Missiles
 e - 8 poisoned needles
 f - 2 curare-tipped needles
 p - 352 stones (quivered)
 O - 23 sling bullets
Armour
 a - a +0 troll leather armour
 d - a +1 cloak (worn)
 h - a +0 pair of boots (worn)
 z - a +1 hat of magic resistance (worn)
 F - a +2 robe of fire resistance (worn)
 P - a +0 buckler (worn)
Jewellery
 H - an uncursed ring of protection from fire
 M - a ring of flight (right hand)
 U - a +2 ring of intelligence (left hand)
Wands
 q - a wand of random effects (28/48)
 A - a wand of clouds (4/9)
 L - a wand of confusion (12/48)
 N - a wand of polymorph (14/24)
 S - a wand of polymorph (10/24)
 V - a wand of acid (7/15)
Scrolls
 l - 3 scrolls of teleportation
 n - 2 scrolls of identify
 o - 3 scrolls of enchant armour
 C - 3 scrolls of fog
 D - a scroll of amnesia
 G - 4 scrolls of remove curse
 J - 2 scrolls of recharging
Potions
 j - 3 potions of cancellation
 m - 5 potions of heal wounds
 r - a potion of lignification {unknown}
 t - 2 potions of haste {unknown}
 u - a potion of degeneration {unknown}
 v - 3 potions of resistance
 B - 2 potions of flight {unknown}
 K - a potion of magic {unknown}
 Q - a potion of might {unknown}
 R - a potion of mutation {unknown}
 T - 5 potions of curing {unknown}
Books
 i - a book of Frost

   Spells                             Type                      Level
   a - Freeze                         Ice                          1
   b - Throw Frost                    Conjuration/Ice              2
   c - Ozocubu's Armour               Charms/Ice                   3
   d - Throw Icicle                   Conjuration/Ice              4
   e - Summon Ice Beast               Ice/Summoning                4
 y - a book of Cantrips

   Spells                             Type                      Level
   a - Confusing Touch                Hexes                        1
   b - Animate Skeleton               Necromancy                   1
   c - Summon Small Mammal            Summoning                    1
   d - Apportation                    Translocation                1
Comestibles
 g - 3 bread rations
 s - 4 royal jellies
 w - 6 meat rations
 x - 3 fruits


   Skills:
 + Level 6.3 Fighting
 + Level 7.7 Short Blades
 + Level 5.0(5.2) Slings
 - Level 1.8(3.7) Throwing
 + Level 7.4 Dodging
 + Level 12.8 Stealth
 + Level 4.3 Shields
 + Level 0.5 Evocations


You had 10 spell levels left.
You didn't know any spells.

Dungeon Overview and Level Annotations

Branches:
Dungeon (10/15)            Temple (1/1) D:5            Lair (3/6) D:9
    Orc (0/2) D:9
  Swamp: Lair:2-4    Shoals: Lair:2-4     Snake: Lair:2-4    Spider: Lair:2-4

Altars:
Ashenzari
Cheibriados
Dithmenos
Elyvilon
Fedhas
Gozag
Hepliaklqana
Kikubaaqudgha
Makhleb
Nemelex Xobeh
Okawaru
Qazlal
Ru
Sif Muna
Uskayaw
Vehumet
Wu Jian
Xom
Yredelemnul
Zin
The Shining One

Shops:
D:4 (

Annotations:
D:7 Shimatora's ghost, novice MfGl


Innate Abilities, Weirdness & Mutations

You have razor-sharp teeth.
Your natural rate of healing is unusually fast.
When hurt, damage is shared between your health and your magic reserves.
Your bite disrupts and absorbs the magic of your enemies.
Potions cannot restore your health.
You are immune to rotting.
You cannot read scrolls while threatened.
You cannot study or cast Poison magic.
You cannot study or cast Translocations magic.
You cannot study or cast Transmutations magic.
You have a pair of small horns on your head.
You can translocate small distances at will.
Scrolls take you a little longer to read.
You are dopey. (Int -2)
You occasionally shout uncontrollably at your foes.
Your spells are a little harder to cast, but a little more powerful.
You evolve.


Message History

The seven-headed hydra closely misses you.
You don't have enough health at the moment.
You don't have enough health at the moment.
The blink frog hits the plant!
The blink frog blinks!
The blink frog begins to attack, but is stunned by your will!
The blink frog hits the plant!
The blink frog blinks!
The blink frog begins to attack, but is stunned by your will!
The blink frog blinks!
The blink frog blinks!
You blink.
You feel slightly more hungry. The blink frog hits you!
* * * LOW HITPOINT WARNING * * *
You are too injured to fight recklessly!
A komodo dragon comes into view.
The blink frog closely misses you.
Found a shimmering ring mail.
The blink frog blinks!
The blink frog hits you!
You die...

..........#.........
.l............####.# .
.............##..## ..
#...#.............. ...
#. #.#.............
....##.###.........<....
..[.........D...........
....................>...
%......@F..............#
.................<##..##
......#..###......###..#
....##.#..##......###..#
... #....#........#...#
.. #....#............# .
......#.......##...
.............####.#
........####.P


You could see a seven-headed hydra, a komodo dragon (sleeping) and a blink frog.

Vanquished Creatures
  Gastronok (D:8)
  Fannar (Lair:2)
  Erica (D:8)
  2 death yaks (D:9)
  A black mamba (Lair:2)
  Psyche (D:9)
  A spiny frog (Lair:3)
  2 rime drakes
  A troll (D:7)
  A hippogriff (D:8)
  A hornet (D:9)
  Sigmund (D:4)
  A wyvern (D:9)
  A basilisk (Lair:2)
  Duvessa (D:5)
  A water moccasin (Lair:2)
  2 porcupines (Lair:2)
  2 orc warriors
  A black bear (D:8)
  3 ice beasts
  4 phantoms
  5 sky beasts
  A centaur (D:8)
  2 ogres
  3 crocodiles (Lair:2)
  A big kobold (D:5)
  6 bullfrogs
  Dowan (D:5)
  A gnoll sergeant (D:7)
  2 scorpions
  9 killer bees
  3 howler monkeys (D:7)
  3 crimson imps
  A centaur zombie (D:6)
  A quasit (D:6)
  2 bullfrog skeletons
  5 orc priests
  5 bullfrog zombies
  3 hounds
  2 iguanas
  4 worker ants
  6 orc wizards
  3 worker ant zombies
  11 gnolls
  10 adders
  3 shadow imps
  5 adder skeletons
  5 worms
  3 dart slugs
  4 leopard geckos
  21 orcs
  8 bats
  4 giant cockroaches
  9 goblins
  9 hobgoblins
  16 jackals
  12 kobolds
  2 quokkas
  2 ball pythons
  8 frilled lizards
  A giant cockroach zombie (D:5)
  A leopard gecko skeleton (D:4)
  A leopard gecko zombie (D:9)
  A quokka skeleton (D:4)
  5 rats
240 creatures vanquished.

Notes
Turn   | Place    | Note
-------+----------+-------------------------------------------
     0 | D:1      | Manul the Vine Stalker Assassin began the quest for the Orb.
     0 | D:1      | Reached XP level 1. HP: 11/11 MP: 2/2
    55 | D:1      | Reached skill level 5 in Stealth
   248 | D:1      | Reached XP level 2. HP: 10/15 MP: 3/3
   871 | D:1      | Reached XP level 3. HP: 18/18 MP: 4/4
  1032 | D:2      | Reached skill level 6 in Stealth
  1461 | D:2      | Gained mutation: Your natural rate of healing is unusually fast. [Vine Stalker growth]
  1461 | D:2      | Reached XP level 4. HP: 18/23 MP: 5/5
  1463 | D:2      | Reached skill level 1 in Dodging
  2280 | D:3      | Reached XP level 5. HP: 26/26 MP: 6/6
  2344 | D:3      | Reached skill level 1 in Slings
  2553 | D:4      | Noticed Sigmund
  2691 | D:4      | Killed Sigmund
  2691 | D:4      | Reached XP level 6. HP: 18/32 MP: 2/7
  2990 | D:4      | Found Jimuohum's Antique Weapon Emporium.
  3016 | D:4      | Reached skill level 7 in Stealth
  3016 | D:4      | Reached XP level 7. HP: 35/35 MP: 8/8
  3362 | D:5      | Entered Level 5 of the Dungeon
  3611 | D:5      | Gained mutation: You can translocate small distances at will. [mutagenic meat]
  3612 | D:5      | Gained mutation: You evolve. [mutagenic meat]
  3613 | D:5      | Gained mutation: You rapidly evolve. [mutagenic meat]
  3614 | D:5      | Gained mutation: You are weak. (Str -2) [mutagenic meat]
  3615 | D:5      | Gained mutation: You are dopey. (Int -2) [mutagenic meat]
  3704 | D:5      | Noticed Dowan
  3705 | D:5      | Noticed Duvessa
  3733 | D:4      | Upgraded the game from 0.20-a0-1124-g2e29d97 to 0.20-a0-1126-g0f15420
  3776 | D:5      | Killed Duvessa
  3776 | D:5      | Reached skill level 8 in Stealth
  3776 | D:5      | Gained mutation: You have razor-sharp teeth. [Vine Stalker growth]
  3776 | D:5      | Reached XP level 8. HP: 32/40 MP: 6/9
  3788 | D:5      | Killed Dowan
  3846 | D:5      | Gained mutation: You have a pair of small horns on your head. [evolution]
  3884 | D:5      | Found a staircase to the Ecumenical Temple.
  3909 | Temple   | Entered the Ecumenical Temple
  4133 | Temple   | Became a worshipper of Ru the Awakened
  4212 | D:5      | Found a snail-covered altar of Cheibriados.
  4223 | D:5      | Found a basalt altar of Yredelemnul.
  4315 | D:5      | Found a burning altar of Makhleb.
  4760 | D:6      | Reached skill level 9 in Stealth
  4811 | D:6      | Gained mutation: You occasionally shout uncontrollably at your foes. [evolution]
  4826 | D:6      | Reached skill level 5 in Short Blades
  5101 | D:6      | Reached skill level 1 in Shields
  5140 | D:6      | Reached XP level 9. HP: 45/45 MP: 10/10
  5426 | D:7      | Lost mutation: You are weak. (Str -2) [evolution]
  5426 | D:7      | Lost mutation: You rapidly evolve. [decline of evolution]
  5488 | D:7      | Gained mutation: You cannot study or cast Poison magic. [Ru sacrifice]
  5488 | D:7      | Gained mutation: You cannot study or cast Transmutations magic. [Ru sacrifice]
  5488 | D:7      | Gained mutation: You cannot study or cast Translocations magic. [Ru sacrifice]
  5488 | D:7      | Reached * piety under Ru
  5496 | D:7      | Noticed Shimatora's ghost (novice MfGl)
  6023 | D:7      | Reached skill level 10 in Stealth
  6238 | D:8      | Noticed Gastronok
  6749 | D:8      | Noticed a troll
  6871 | D:7      | Gained mutation: Your spells are a little harder to cast, but a little more powerful. [evolution]
  6919 | D:8      | Found a sparkling altar of Nemelex Xobeh.
  7012 | D:8      | Noticed Erica
  7017 | D:8      | Killed Erica
  7017 | D:8      | Reached skill level 5 in Dodging
  7017 | D:8      | Reached skill level 11 in Stealth
  7017 | D:8      | Reached XP level 10. HP: 51/51 MP: 11/11
  7554 | D:8      | Found a white marble altar of Elyvilon.
  7554 | D:8      | Found an opulent altar of Gozag.
  7556 | D:8      | Found a hide-covered altar of Uskayaw.
  7558 | D:8      | Found a hazy altar of Hepliaklqana.
  7694 | D:8      | Found a deep blue altar of Sif Muna.
  7707 | D:8      | Reached skill level 5 in Fighting
  7808 | D:8      | Gained mutation: Scrolls take you a little longer to read. [evolution]
  8022 | D:8      | Killed Gastronok
  8173 | D:9      | Gained mutation: You cannot read scrolls while threatened. [Ru sacrifice]
  8173 | D:9      | Reached ** piety under Ru
  8195 | D:9      | Reached XP level 11. HP: 56/56 MP: 12/12
  8304 | D:9      | Found a stormy altar of Qazlal.
  8331 | D:9      | Found a staircase to the Orcish Mines.
  8438 | D:9      | Noticed Psyche
  8452 | D:9      | Killed Psyche
  8468 | D:9      | Noticed a green ugly thing
  8468 | D:9      | Noticed a brown ugly thing
  8634 | D:9      | Noticed a death yak
  8683 | D:9      | Killed a death yak
  8862 | D:9      | Reached skill level 12 in Stealth
  8894 | D:9      | Noticed a death yak
  8895 | D:9      | Noticed a death yak
  8895 | D:9      | Noticed a death yak
  8916 | D:9      | Found a staircase to the Lair.
  8917 | D:9      | Noticed a death yak
  9055 | D:9      | Killed a death yak
  9191 | D:10     | Entered Level 10 of the Dungeon
  9191 | D:10     | Noticed a two-headed ogre
  9191 | D:10     | Noticed a two-headed ogre
  9237 | Lair:1   | Entered Level 1 of the Lair of Beasts
  9665 | Lair:2   | Noticed Fannar
  9700 | Lair:2   | Killed Fannar
 10155 | Lair:3   | Reached skill level 5 in Slings
 10213 | Lair:3   | Noticed an eight-headed hydra
 10235 | Lair:3   | HP: 2/57 [blink frog (6)]
 10240 | Lair:3   | Slain by a blink frog

Vault maps used:
D:1:      dpeg_arrival_simpleton_c
D:2:      roderic_serpentine_path, minmay_misc_feat_cross
D:3:      cheibrodos_old_hovel, first_bread, minivault_25, feat_on_display
D:4:      serial_shops, shop_statue, uniq_sigmund
D:5:      amethyst_overflow_temple_binary, makhleb_grotto_becter,
          minmay_temple_entry_steel_oval, uniq_duvessa
D:8:      nemelex_xobeh_ov_fountains_minmay, grunt_temple_overflow_open,
          uniq_gastronok, uniq_erica
D:9:      minmay_klotski, kennysheep_mini_moat, grunt_qazlal_sundering,
          dpeg_lair_monsters, david_orc_2, uniq_psyche
D:10:     serial_shops, nicolae_shop_temple_entry_statues_fountains
Temple:   grunt_temple_mini_profane
Lair:1:   st_stairs_8, kennysheep_rathole
Lair:2:   grunt_megastairs_5, uniq_fannar
Lair:3:   minivault_26, minivault_29

Skill      XL: |  1  2  3  4  5  6  7  8  9 10 11 |
---------------+----------------------------------+-----
Stealth        | 5 6 7 8 9 11 12 | 12.8
Short Blades   | 2 3 4 5 6 7 |  7.7
Dodging        | 1 2 3 5 6 7 |  7.4
Fighting       | 2 3 4 5 6 |  6.3
Slings         | 2 3 4 5 |  5.0
Shields        | 1 2 3 4 |  4.3
Throwing       | |  1.8
Evocations     | |  0.5

Action                   |  1- 3 |  4- 6 |  7- 9 | 10-12 || total
-------------------------+-------+-------+-------+-------++-------
Melee: Dagger            |    77 |   123 |   389 |   263 ||   852
       Bite              |    12 |    43 |   135 |   102 ||   292
       Headbutt          |       |       |    69 |    72 ||   141
       Scimitar          |       |       |       |     1 ||     1
 Fire: Hunting sling     |    17 |    39 |    18 |     5 ||    79
Invok: Sacrifice Arcana  |       |       |     1 |       ||     1
       Sacrifice Words   |       |       |       |     1 ||     1
       Reject Sacrifices |       |       |       |     1 ||     1
 Abil: Blink             |       |       |     9 |    15 ||    24
Evoke: Wand              |       |       |       |     1 ||     1
  Use: Scroll            |       |     6 |     5 |     7 ||    18
 Stab: Sleeping          |     9 |     9 |    23 |    15 ||    56
       Distracted        |       |       |     2 |     1 ||     3
  Eat: Chunk             |     2 |     5 |    10 |     3 ||    20
       Bread ration      |       |       |     2 |     2 ||     4
Armor: Robe              |    19 |    36 |   129 |    38 ||   222
Dodge: Dodged            |    40 |    73 |   213 |   123 ||   449
Block: Buckler           |       |       |    48 |    56 ||   104
